 Dungeon Crawl Stone Soup version 0.19-a0-1216-g363869b (webtiles) character file.

1720 dobroeutro the Basher (level 9, 0/52 HPs)
             Began as a Gargoyle Fighter on Aug 23, 2016.
             Was a Priest of Okawaru.
             Slain by a yak (11 damage)
             ... on level 5 of the Dungeon.
             The game lasted 00:12:45 (4063 turns).

dobroeutro the Basher (Gargoyle Fighter)            Turns: 4063, Time: 00:12:45

Health: 0/52       AC: 12    Str: 22    XL:     9   Next: 4%
Magic:  9/9        EV:  5    Int:  9    God:    Okawaru [***...]
Gold:   206        SH: 14    Dex: 10    Spells: 0 memorised, 8 levels left

rFire  + + .     SeeInvis .     a - +0 flail
rCold  x . .     Gourm    .     b - +0 scale mail
rNeg   + . .     Faith    .     n - +0 large shield
rPois  ∞         Spirit   .     t - +0 helmet
rElec  +         Dismiss  .     (no cloak)
rCorr  .         Reflect  .     o - +0 pair of gloves
MR     .....     Harm     .     (no boots)
Stlth  ..........               (no amulet)
                                w - ring of protection from fire
                                k - ring of fire

@: no status effects
A: deformed body, negative energy resistance 1, electricity resistance,
unbreathing, petrification resistance, rot immunity, AC +5
a: Heroism, Renounce Religion


You were on level 5 of the Dungeon.
You worshipped Okawaru.
Okawaru was most pleased with you.
You were not hungry.

You visited 1 branch of the dungeon, and saw 5 of its levels.

You collected 206 gold pieces.

Inventory:

Hand Weapons
 a - a +0 flail (weapon)
Armour
 b - a +0 scale mail (worn)
 c - a +0 shield
 n - a +0 large shield (worn)
 o - a +0 pair of gloves (worn)
 t - a +0 helmet (worn)
Jewellery
 k - a ring of fire (left hand)
 w - a ring of protection from fire (right hand)
Wands
 y - a wand of confusion (30/48)
Scrolls
 h - a scroll of amnesia
 i - 8 scrolls of identify
 m - a scroll of teleportation {unknown}
 q - a scroll of blinking {unknown}
 r - a scroll of magic mapping
 s - a scroll of fog {unknown}
 u - a scroll of recharging {unknown}
 x - a scroll of remove curse
Potions
 d - 3 potions of might
 e - 2 potions of lignification
 j - a potion of ambrosia
 l - 2 potions of curing
 v - 2 potions of haste {unknown}
Comestibles
 f - 2 bread rations
 g - a meat ration
 p - a beef jerky


   Skills:
 + Level 4.2 Fighting
 + Level 10.4 Maces & Flails
 + Level 4.4 Armour
 + Level 4.2 Shields


You had 8 spell levels left.
You didn't know any spells.

Dungeon Overview and Level Annotations

Branches:
Dungeon (5/15)             Temple (0/1) D:5

Altars:
Cheibriados
Fedhas
Kikubaaqudgha
Nemelex Xobeh
Okawaru
Qazlal
Ru
Sif Muna
Trog
Vehumet
Zin


Innate Abilities, Weirdness & Mutations

You are resistant to torment.
Your stone body is resilient. (AC +5)
You are immune to poison.
You resist negative energy. (rN+)
You are resistant to electric shocks. (rElec)
You can survive without breathing.
You are immune to petrification.
You are immune to rotting.
Armour fits poorly on your strangely shaped body.


Message History

You hit the yak but do no damage.
The yak is moderately wounded.
The yak gores you but does no damage.
You sock the yak!
The yak is heavily wounded.
You thump the yak!
The yak is severely wounded.
The yak gores you!
* * * LOW HITPOINT WARNING * * *
You feel better. The yak gores you but does no damage.
Your shield and scale mail prevent you from hitting the yak.
The yak is severely wounded.
You block the yak's attack.
You barely miss the yak.
The yak is severely wounded.
The yak gores you but does no damage.
You sock the yak!
The yak is almost dead.
The yak gores you!
You die...

##################.# #.#### .....
..#.#########.#### #####
#.#.#............... #
#.#.#....######'###. # #.
#.#.#....#.......##. # #.
#.#.#....#.......##. # #.
#.#.#....#..........
#######.######.#.#....#..........
........(....#.#@#....######.#...
#######.####.#.#Y#.#.## #.#...
...............#(#.#.#######.#..#
########.###.#.#.#...........#...
########.###.#.#.###.#...........
.....................#.#####.##..
.................................
........####.#.###.###.#####.##..
#####.### #.### #Y#...# #.##..


You could see a yak.

Vanquished Creatures
  5 yaks (D:5)
  An ice beast (D:5)
  A sky beast (D:5)
  2 ogres (D:4)
  A phantom (D:4)
  The ghost of dobroeutro the Cudgeler, an amateur GrFi (D:3)
  A scorpion (D:4)
  A vampire bat (D:2)
  A crimson imp (D:5)
  An orc wizard (D:5)
  2 hounds (D:4)
  4 worker ants (D:5)
  9 adders
  3 oozes
  2 worms
  2 dart slugs
  5 giant geckos
  10 orcs
  9 bats
  A bat skeleton (D:2)
  5 bat zombies (D:2)
  3 giant cockroaches
  7 goblins
  7 hobgoblins
  4 jackals (D:5)
  10 kobolds
  A quokka (D:3)
  2 ball pythons
  4 giant newts
  6 rats
111 creatures vanquished.

Vanquished Creatures (others)
  An orc wizard (D:5)
1 creature vanquished.

Grand Total: 112 creatures vanquished

Notes
Turn   | Place    | Note
-------+----------+-------------------------------------------
     0 | D:1      | dobroeutro the Gargoyle Fighter began the quest for the Orb.
     0 | D:1      | Reached XP level 1. HP: 14/14 MP: 1/1
   180 | D:1      | Reached XP level 2. HP: 18/19 MP: 2/2
   300 | D:1      | Reached XP level 3. HP: 23/23 MP: 3/3
   336 | D:1      | Reached skill level 3 in Maces & Flails
   779 | D:2      | Found a radiant altar of Vehumet.
   968 | D:2      | Reached XP level 4. HP: 26/28 MP: 4/4
  1044 | D:2      | Reached skill level 4 in Maces & Flails
  1175 | D:2      | Found an ancient bone altar of Kikubaaqudgha.
  1196 | D:2      | Reached XP level 5. HP: 32/32 MP: 5/5
  1301 | D:2      | Found a bloodstained altar of Trog.
  1301 | D:2      | Found a glowing silver altar of Zin.
  1302 | D:2      | Found a sacrificial altar of Ru.
  1429 | D:3      | Reached skill level 5 in Maces & Flails
  1532 | D:3      | Found a blossoming altar of Fedhas.
  1575 | D:3      | Noticed dobroeutro's ghost (amateur GrFi)
  1599 | D:3      | Killed dobroeutro's ghost
  1599 | D:3      | Reached XP level 6. HP: 2/37 MP: 6/6
  1618 | D:3      | Reached skill level 6 in Maces & Flails
  2053 | D:3      | Found an iron altar of Okawaru.
  2061 | D:3      | Became a worshipper of Warmaster Okawaru
  2255 | D:4      | Found a snail-covered altar of Cheibriados.
  2425 | D:4      | Reached skill level 7 in Maces & Flails
  2437 | D:4      | Reached * piety under Okawaru
  2437 | D:4      | Reached XP level 7. HP: 35/41 MP: 7/7
  2498 | D:4      | Found a stormy altar of Qazlal.
  2542 | D:4      | Found a sparkling altar of Nemelex Xobeh.
  2692 | D:4      | Reached skill level 8 in Maces & Flails
  2758 | D:5      | Entered Level 5 of the Dungeon
  2768 | D:5      | Noticed a yak
  2769 | D:5      | Noticed a yak
  2907 | D:5      | Gained mutation: Armour fits poorly on your strangely shaped body. [mutagenic meat]
  3112 | D:5      | Noticed a yak
  3113 | D:5      | Noticed a yak
  3135 | D:5      | Noticed a yak
  3136 | D:5      | Noticed a yak
  3140 | D:5      | Killed a yak
  3140 | D:5      | Reached ** piety under Okawaru
  3140 | D:5      | Reached skill level 9 in Maces & Flails
  3140 | D:5      | Reached XP level 8. HP: 28/46 MP: 8/8
  3624 | D:5      | Found a deep blue altar of Sif Muna.
  3759 | D:5      | Killed a yak
  3759 | D:5      | Reached skill level 10 in Maces & Flails
  3799 | D:5      | Found a staircase to the Ecumenical Temple.
  4019 | D:5      | Killed a yak
  4019 | D:5      | Reached *** piety under Okawaru
  4029 | D:5      | Killed a yak
  4050 | D:5      | Killed a yak
  4050 | D:5      | Reached XP level 9. HP: 12/52 MP: 9/9
  4059 | D:5      | HP: 1/52 [yak (7)]
  4063 | D:5      | Slain by a yak

Vault maps used:
D:1:      kilobyte_arrival_exit_the_forest
D:2:      vehumet_crystals, kennysheep_vampire_church,
          gammafunk_temple_overflow_claw, serial_curves, eino_curves_03,
          eino_curves_03
D:3:      kennysheep_okawaru_gauntlet, fedhas_altar_2
D:4:      kennysheep_slug_shrine, nemelex_altar_shiori, kennysheep_mini,
          first_bread
D:5:      led_sif_book

Skill      XL: |  1  2  3  4  5  6  7  8 |
---------------+-------------------------+-----
Maces & Flails | 3 4 5 7 9 10 | 10.4
Fighting       | 4 |  4.2
Armour         | 4 |  4.4
Shields        | 4 |  4.2

Action                   |  1- 3 |  4- 6 |  7- 9 || total
-------------------------+-------+-------+-------++-------
Melee: Flail             |   129 |   253 |   237 ||   619
  Use: Scroll            |       |     6 |     1 ||     7
       Potion            |       |       |     1 ||     1
  Eat: Chunk             |       |     4 |     6 ||    10
       Bread ration      |       |       |     1 ||     1
Armor: Scale mail        |    75 |   188 |   109 ||   372
Dodge: Dodged            |    35 |    65 |    46 ||   146
Block: Shield            |    61 |       |       ||    61
       Large shield      |    20 |   261 |   162 ||   443
